 Dungeon Crawl Stone Soup version 0.18-a0-1036-g7ac1859 (webtiles) character file.

688 Jmtri7 the Grappler (level 7, 0/66 HPs)
             Began as a Troll Berserker on Jan 9, 2016.
             Was a Priest of Trog.
             Slain by an orc
             ... wielding a +0 trident
              (2 damage)
             ... on level 5 of the Dungeon.
             The game lasted 00:18:10 (2949 turns).

Jmtri7 the Grappler (Troll Berserker)               Turns: 2949, Time: 00:18:11

Health: 0/66       AC:  5    Str: 28    XL:     7   Next: 36%
Magic:  6/6        EV: 10    Int:  3    God:    Trog [***...]
Gold:   184        SH:  0    Dex: 14    Spells: 0 memorised, 6 levels left

rFire  . . .     SeeInvis .       - Unarmed
rCold  . . .     Gourm    +     a - +0 animal skin
rNeg   . . .     Faith    .     (no shield)
rPois  .         Spirit   .     (helmet restricted)
rElec  .         Dismiss  .     (no cloak)
rCorr  .         Reflect  .     (gloves unavailable)
SustAt .         Harm     .     (boots unavailable)
MR     .....                    (no amulet)
Stlth  +.........               (no ring)
                                k - +5 ring of dexterity

@: lethally poisoned (0 -> 0), starving, not resistant to hostile enchantments,
very unstealthy
A: unfitting armour, claws 3, fast metabolism 3, gourmand, regeneration 2,
shaggy fur 1, tough skin 2
a: Berserk, Trog's Hand, Burn Spellbooks, Renounce Religion


You were on level 5 of the Dungeon.
You worshipped Trog.
Trog was most pleased with you.
You were starving.

You visited 1 branch of the dungeon, and saw 5 of its levels.

You collected 184 gold pieces.

Inventory:

Armour
 a - a +0 animal skin (worn)
Jewellery
 k - a +5 ring of dexterity (left claw)
Wands
 t - a wand of draining (7/15)
Scrolls
 g - a scroll of identify {unknown}
 h - a scroll of magic mapping {unknown}
 i - a scroll of fog {unknown}
 m - a scroll of teleportation {unknown}
 q - a scroll of remove curse {unknown}
 r - a scroll of noise {unknown}
 w - a scroll of enchant armour {unknown}
 x - a scroll of immolation {unknown}
Potions
 d - 2 potions of lignification {unknown}
 e - a potion of ambrosia {unknown}
 f - 4 potions of curing {unknown}
 l - a potion of flight {unknown}
 o - a potion of might {unknown}
 p - 2 potions of agility {unknown}
 u - a potion of brilliance {unknown}
 v - a potion of invisibility {unknown}
 z - a potion of heal wounds {unknown}
Comestibles
 b - 4 bread rations
 c - 6 chunks of flesh
 j - 2 beef jerkies
 n - a royal jelly
 s - 2 meat rations


   Skills:
 - Level 2.4 Fighting
 - Level 2.4 Dodging
 + Level 8.7 Unarmed Combat


You had 6 spell levels left.
You didn't know any spells.

Dungeon Overview and Level Annotations

Branches:
Dungeon (5/15)             Temple (0/1) D:4

Altars:
Makhleb
Trog


Innate Abilities, Weirdness & Mutations

You are too large for most types of armour.
You have claws for hands.
Your metabolism is lightning-fast.
You like to eat raw meat.
You heal very quickly.
You are covered in fur (AC +1).
You have very tough skin (AC +2).


Message History

Trog accepts your kill.
Trog appreciates your killing of a magic user.
Reactivating autopickup.
You feel a bit more experienced. The orc hits you but does no damage.
The orc priest looks braver for a moment.
You scratch the orc but do no damage.
You feel sick. The orc barely misses you. The orc hits you.
* * * LOW HITPOINT WARNING * * *
You scratch the orc but do no damage. The orc barely misses you.
The orc hits you.
* * * LOW HITPOINT WARNING * * *
The orc priest casts a cantrip, but nothing happens.
You barely miss the orc. The orc closely misses you.
You scratch the orc.
The orc is moderately wounded.
You completely miss the orc.
The orc is moderately wounded.
You feel sick. The orc closely misses you. x2
The orc hits you from afar with a trident.
You die...

#### #... #.##
o###########.# #.#
.............# #.#
##....o###############.##
......ooo@....(...........
###....o#o.........###...#
#.....#..........'.#....
#.....#..........#.#..##
#.....#..........#.#..#.
#.....#..........'.#..#.
####.....(.......###..#.
#..###.###....'....#. #..
#.# #....###.##.


You could see an orc priest and 5 orcs.

Vanquished Creatures
  2 ogres
  2 crimson imps (D:5)
  A hound (D:4)
  An orc priest (D:5)
  2 orc wizards (D:5)
  Terence (D:2)
  An iguana (D:4)
  4 worker ants
  A hound zombie (D:5)
  9 adders
  An ooze (D:4)
  4 worms
  7 giant geckos
  5 orcs
  9 bats
  6 giant cockroaches
  5 goblins
  3 hobgoblins
  3 jackals (D:4)
  A quokka (D:2)
  A giant gecko skeleton (D:4)
  3 giant newts
  7 kobolds
  3 rats
82 creatures vanquished.

Notes
Turn   | Place    | Note
--------------------------------------------------------------
     0 | D:1      | Jmtri7 the Troll Berserker began the quest for the Orb.
     0 | D:1      | Reached XP level 1. HP: 22/22 MP: 0/0
   276 | D:1      | Reached XP level 2. HP: 25/29 MP: 1/1
   597 | D:2      | Reached skill level 4 in Unarmed Combat
   646 | D:2      | Reached XP level 3. HP: 36/36 MP: 2/2
   767 | D:2      | Reached ** piety under Trog
   814 | D:2      | Noticed Terence
   826 | D:2      | Killed Terence
   881 | D:2      | Reached XP level 4. HP: 44/44 MP: 3/3
   936 | D:2      | Reached skill level 5 in Unarmed Combat
  1493 | D:3      | Reached XP level 5. HP: 50/50 MP: 4/4
  1753 | D:3      | Reached skill level 6 in Unarmed Combat
  2249 | D:4      | Reached *** piety under Trog
  2271 | D:4      | Found a bloodstained altar of Trog.
  2294 | D:4      | Found a staircase to the Ecumenical Temple.
  2372 | D:4      | Reached XP level 6. HP: 37/59 MP: 5/5
  2402 | D:4      | Reached skill level 7 in Unarmed Combat
  2568 | D:4      | Found a burning altar of Makhleb.
  2794 | D:5      | Entered Level 5 of the Dungeon
  2831 | D:5      | Reached skill level 8 in Unarmed Combat
  2885 | D:5      | Reached XP level 7. HP: 66/66 MP: 6/6
  2945 | D:5      | HP: 2/66 [orc (2)]
  2949 | D:5      | Slain by an orc

Vault maps used:
D:1:      eino_arrival_water_star
D:2:      minivault_11, uniq_terence
D:4:      bloody_trog, overflow_temple_1_default, minmay_temple_entry_hall,
          first_bread, hangedman_decor_points
D:5:      lemuel_doored_altar, roderic_roman_lattice

Action                   |  1- 3 |  4- 6 |  7- 9 || total
-------------------------+-------+-------+-------++-------
Melee: Unarmed           |    78 |   152 |    21 ||   251
 Stab: Sleeping          |       |     2 |       ||     2
  Eat: Chunk             |     3 |    19 |       ||    22
